 Dungeon Crawl Stone Soup version 0.21.1-1-g345015fe64 (webtiles) character file.

1512 Gedi the Cleaver (level 8, -9/71 HPs)
             Began as a Minotaur Abyssal Knight on June 14, 2018.
             Was a Believer of Lugonu.
             Mangled by Prince Ribbit (15 damage)
             ... on level 6 of the Dungeon.
             The game lasted 00:15:29 (4287 turns).

Gedi the Cleaver (Minotaur Abyssal Knight)          Turns: 4287, Time: 00:15:29

Health: -9/71      AC:  9    Str: 20    XL:     8   Next: 53%
Magic:  7/7        EV: 12    Int:  9    God:    Lugonu [**....]
Gold:   237        SH:  0    Dex:  9    Spells: 7/7 levels left

rFire    . . .     SeeInvis .   h - +0 broad axe
rCold    . . .     Gourm    .   (no shield)
rNeg     . . .     Faith    .   g - +0 scale mail
rPois    .         Spirit   .   (helmet restricted)
rElec    .         Reflect  .   f - +0 cloak
rCorr    .         Harm     .   (no gloves)
MR       .....                  (no boots)
Stlth    ..........             (no amulet)
HPRegen  0.21/turn              (no ring)
MPRegen  0.10/turn              (no ring)

@: about to teleport
A: retaliatory headbutt, horns 2, repulsion field 1, low mp 1
a: Depart the Abyss, Bend Space, Renounce Religion


You were on level 6 of the Dungeon.
You worshipped Lugonu.
Lugonu was pleased with you.
You were not hungry.

You visited 2 branches of the dungeon, and saw 7 of its levels.
You visited the Abyss 1 time.

You collected 237 gold pieces.

Inventory:

Hand Weapons
 h - a +0 broad axe (weapon)
Armour
 f - a +0 cloak (worn)
 g - a +0 scale mail (worn)
Jewellery
 m - a cursed -2 ring of protection {unknown}
 p - an uncursed ring of stealth {unknown}
Wands
 e - a wand of iceblast (7)
 i - a wand of digging (5)
Scrolls
 a - a scroll of enchant weapon
 b - a scroll of magic mapping
 d - 2 scrolls of identify
 k - a scroll of remove curse
 l - 2 scrolls of amnesia
Potions
 j - a potion of heal wounds
Comestibles
 c - 10 rations
 o - 5 chunks of flesh


   Skills:
 + Level 6.6 Fighting
 + Level 9.3 Axes
 + Level 7.2 Armour
 - Level 1.1 Dodging
 + Level 1.0 Stealth
 + Level 2.0 Invocations


You had 7 spell levels left.
You didn't know any spells.

Dungeon Overview and Level Annotations

Branches:
Dungeon (6/15)             Temple (1/1) D:4

Altars:
Ashenzari
Dithmenos
Fedhas
Gozag
Hepliaklqana
Kikubaaqudgha
Makhleb
Okawaru
Ru
Sif Muna
Uskayaw
Wu Jian
Xom
Yredelemnul
The Shining One

Annotations:
D:6 Prince Ribbit


Innate Abilities, Weirdness & Mutations

You reflexively headbutt those who attack you in melee.
You have a pair of horns on your head.
You are surrounded by a mild repulsion field. (EV +2)
Your magical capacity is low. (-10% MP)


Message History

* * * LOW HITPOINT WARNING * * *
The iguana barely misses you.
You see here an arrow.
The iguana misses you. You furiously retaliate!
You headbutt the iguana, but do no damage.
Prince Ribbit closely misses you. The iguana closely misses you.
There is a stone staircase leading down here.
Prince Ribbit hits you!
* * * LOW HITPOINT WARNING * * *
The iguana closely misses you. Prince Ribbit misses you.
You climb downwards.
There is a stone staircase leading up here.
There are no items here.
As you read the scroll of teleportation, it crumbles to dust.
You feel strangely unstable. Prince Ribbit hits you.
* * * LOW HITPOINT WARNING * * *
Unknown command.
Prince Ribbit hits you!
You die...

###
#@#
#F#
#l#
...
#.#
#.#
#.#
#.#


You could see Prince Ribbit and an iguana.

Vanquished Creatures
  Pikel (D:4)
  Eustachio (D:4)
  Sigmund (D:2)
  The ghost of Dyme the Magician, an amateur DEAE of Gozag (D:3)
  Duvessa (D:4)
  2 slaves (D:4)
  A centaur (D:5)
  Blork the orc (D:4)
  Dowan (D:4)
  A scorpion (D:4)
  A water moccasin skeleton (D:5)
  A howler monkey (D:4)
  Crazy Yiuf (D:3)
  Jessica (D:2)
  An orc wizard (D:3)
  A worker ant (D:5)
  3 gnolls (D:3)
  3 adders
  A worm (D:3)
  2 dart slugs
  2 leopard geckos
  2 orcs (D:3)
  2 giant cockroaches
  8 goblins
  5 hobgoblins
  4 jackals (D:1)
  A quokka (D:3)
  A ball python skeleton (D:4)
  8 bats
  5 frilled lizards
  8 kobolds
  A quokka skeleton (D:4)
  8 rats
  3 fungi (D:3)
  A plant (D:2)
85 creatures vanquished.

Vanquished Creatures (others)
  A plant (D:2)
1 creature vanquished.

Grand Total: 86 creatures vanquished

Notes
Turn   | Place    | Note
-------+----------+-------------------------------------------
     0 | Abyss:1  | Gedi the Minotaur Abyssal Knight began the quest for the Orb.
     0 | Abyss:1  | Reached XP level 1. HP: 19/19 MP: 1/1
    20 | Abyss:1  | Found a corrupted altar of Lugonu.
    69 | Abyss:1  | Noticed a fire bat
    70 | Abyss:1  | Found a corrupted altar of Lugonu.
    83 | Abyss:1  | Noticed a worldbinder
    92 | Abyss:1  | Noticed a blink frog
    93 | Abyss:1  | Noticed a dream sheep
    94 | Abyss:1  | Noticed a blink frog
    94 | Abyss:1  | Noticed a blink frog
    97 | D:1      | Escaped the Abyss
   189 | D:1      | Reached * piety under Lugonu
   273 | D:1      | Reached XP level 2. HP: 24/27 MP: 2/2
   633 | D:1      | Reached skill level 3 in Axes
   790 | D:2      | Reached XP level 3. HP: 33/34 MP: 3/3
   847 | D:2      | Noticed Sigmund
  1152 | D:2      | Killed Sigmund
  1152 | D:2      | Reached skill level 5 in Fighting
  1152 | D:2      | Reached skill level 4 in Axes
  1152 | D:2      | Reached XP level 4. HP: 9/42 MP: 4/4
  1152 | D:2      | Reached XP level 5. HP: 11/48 MP: 5/5
  1544 | D:2      | Reached ** piety under Lugonu
  1557 | D:2      | Noticed Jessica
  1568 | D:2      | Killed Jessica
  1568 | D:2      | Reached skill level 5 in Axes
  2010 | D:3      | Gained mutation: Your magical capacity is low. (-10% MP) [potion of mutation]
  2010 | D:3      | Gained mutation: You are surrounded by a mild repulsion field. (EV +2) [potion of mutation]
  2094 | D:3      | Noticed Dyme's ghost (amateur DEAE)
  2108 | D:3      | Killed Dyme's ghost
  2108 | D:3      | Reached XP level 6. HP: 43/56 MP: 5/5
  2191 | D:3      | Reached skill level 6 in Axes
  2465 | D:3      | Found an opulent altar of Gozag.
  2756 | D:3      | Found a runed door.
  2760 | D:3      | Noticed Crazy Yiuf
  2768 | D:3      | HP: 1/56 [Crazy Yiuf/quarterstaff of chaos (8)]
  2769 | D:3      | Killed Crazy Yiuf
  3272 | D:4      | Noticed a slave
  3273 | D:4      | Noticed a slave
  3274 | D:4      | Noticed Pikel
  3275 | D:4      | Noticed a slave
  3276 | D:4      | Noticed a slave
  3281 | D:4      | Killed a slave
  3287 | D:4      | Killed a slave
  3301 | D:4      | Killed Pikel
  3301 | D:4      | Reached skill level 7 in Axes
  3301 | D:4      | Reached skill level 5 in Armour
  3301 | D:4      | Reached XP level 7. HP: 28/63 MP: 6/6
  3318 | D:4      | Found a staircase to the Ecumenical Temple.
  3475 | Temple   | Entered the Ecumenical Temple
  3588 | D:4      | Noticed Duvessa
  3588 | D:4      | Noticed Dowan
  3605 | D:4      | Killed Duvessa
  3605 | D:4      | Reached skill level 8 in Axes
  3605 | D:4      | Reached skill level 1 in Stealth
  3612 | D:4      | Killed Dowan
  3612 | D:4      | Reached XP level 8. HP: 24/70 MP: 7/7
  3981 | D:4      | Noticed Blork the orc
  3990 | D:4      | Killed Blork the orc
  4102 | D:4      | Noticed Eustachio
  4134 | D:4      | Killed Eustachio
  4134 | D:4      | Reached skill level 9 in Axes
  4257 | D:5      | Entered Level 5 of the Dungeon
  4270 | D:5      | Noticed Prince Ribbit
  4287 | D:6      | Mangled by Prince Ribbit

Skill      XL: |  1  2  3  4  5  6  7  8 |
---------------+-------------------------+-----
Fighting       | 4 5 6 |  6.6
Invocations    | 2 |  2.0
Axes           | 3 4 5 7 8 9 |  9.3
Armour         | 3 4 5 6 7 |  7.2
Stealth        | 1 |  1.0
Dodging        | |  1.1

Action                   |  1- 3 |  4- 6 |  7- 9 || total
-------------------------+-------+-------+-------++-------
Melee: Hand axe          |    91 |    31 |       ||   122
       Headbutt          |    20 |    22 |    10 ||    52
       Broad axe         |       |    92 |    72 ||   164
Invok: Depart the Abyss  |     1 |       |       ||     1
  Use: Scroll            |       |     8 |     1 ||     9
       Potion            |       |     5 |       ||     5
  Eat: Chunk             |       |     6 |     2 ||     8
       Ration            |       |     1 |       ||     1
Armor: Scale mail        |    44 |    29 |    45 ||   118
       Leather armour    |     4 |       |       ||     4
Dodge: Dodged            |    35 |    68 |    68 ||   171
